 Dungeon Crawl Stone Soup version 0.31-a0-819-gf6de2f5ab6 (webtiles) character file.

Game seed: 4438662705203499398

15 dialectric the Sneak (level 2, -11/19 HPs)
             Began as an Octopode Brigand on Sept 24, 2023.
             Mangled by a gnoll
             ... wielding a +0 halberd
              (18 damage)
             ... on level 2 of the Dungeon.
             The game lasted 00:00:34 (710 turns).

dialectric the Sneak (Octopode Brigand)              Turns: 710, Time: 00:00:34

Health: -11/19     AC:  1    Str: 10    XL:     2   Next: 50%
Magic:  2/2        EV: 12    Int: 13    God:
Gold:   20         SH:  0    Dex: 13    Spells: 1/1 levels left

rFire   . . .        a - +2 dagger
rCold   . . .        (no shield)
rNeg    . . .        (helmet restricted)
rPois   .            (no amulet)
rElec   .            (no ring)
rCorr   .            (no ring)
SInv    .            (no ring)
Will    .....        (no ring)
Stlth   ++++         (no ring)
HPRegen 0.23/turn    (no ring)
MPRegen 0.08/turn    (no ring)
                     (no ring)

%: no passive effects
@: no status effects
A: almost no armour, amphibious, 8 rings, camouflage 1, gelatinous body 1,
(nimble swimmer 1), tentacles
a: no special abilities


You were on level 2 of the Dungeon.
You visited 1 branch of the dungeon, and saw 2 of its levels.

You collected 20 gold pieces.

Inventory:

Hand Weapons
 a - a +2 dagger (weapon)
Missiles
 b - 9 poisoned darts (quivered)
 c - 3 curare-tipped darts
Scrolls
 d - a scroll of teleportation {unknown}
 e - a scroll of amnesia {unknown}
Potions
 f - a potion of mutation {unknown}
 g - a potion of cancellation {unknown}


   Skills:
 + Level 2.1 Fighting
 + Level 2.0 Short Blades
 + Level 2.0 Throwing
 + Level 1.0 Dodging
 + Level 6.2 Stealth


You had one spell level left.
You didn't know any spells.
Your spell library contained the following spells:

 Spells                   Type           Power      Damage    Failure   Level
 Apportation              Tloc           0%         N/A       30%         1
 Necrotise                Necr           0%         1d4       30%         1
 Summon Small Mammal      Summ           0%         N/A       30%         1


Dungeon Overview and Level Annotations

Branches:
Dungeon (2/15)

Altars:
Cheibriados


Innate Abilities, Weirdness & Mutations

You cannot wear most types of armour.
You are amphibious.
You can wear up to eight rings at the same time.
Your skin changes colour to match your surroundings (Stealth+).
Your rubbery body absorbs attacks. (AC +1, EV +1)
((You are camouflaged when in or above water. (Stealth+)))
You have tentacles for arms and can constrict up to eight enemies at once.


Message History

Done exploring.
No target in view!
Done exploring.
Done exploring.
No target in view!
No target in view!
There is a stone staircase leading down here.
You climb downwards.
Found a puce potion.
Found a snail-covered altar of Cheibriados.
Found a stone staircase leading up.
There is a stone staircase leading up here.
Unknown command.
g - a puce potion No target in view!
A quokka comes into view.
The quokka twitches its whiskers.
A quokka is nearby! 2 gnolls come into view.
The gnoll shouts!
A ball python comes into view.
A kobold comes into view. It is wielding a +0 whip.
A gnoll comes into view. It is wielding a +0 club.
There are monsters nearby!
The gnoll shouts!
You hit the quokka but do no damage. Your grab misses the quokka.
The quokka bites you.
You hit the quokka. You grab the quokka. You squeeze the quokka.
You kill the quokka!
The kobold throws a stone.
The stone hits you.
A gnoll comes into view. It is wielding a +0 spear.
The gnoll shouts!
The kobold throws a stone.
The stone hits you.
You see here a quokka corpse.
The kobold hits you with a +0 whip. The ball python bites you.
The ball python closely misses you. The kobold attacks as it pursues you!
The kobold hits you with a +0 whip.
The gnoll hits you from afar with a +0 halberd!!
Ouch! That really hurt!
You die...

#........#..
##..........## ....
.............#.......
.....................
.._..................
.............#g.g....
..........<..#g......
#.#....<......g......
#...........@.S..#
####........†K...#
##########....#
#....# #....# #....#
######


You could see 4 gnolls, a ball python and a kobold.

Vanquished Creatures
  A ball python (D:1)
  A bat (D:1)
  2 giant cockroaches (D:1)
  A goblin (D:1)
  2 hobgoblins (D:1)
  2 jackals (D:1)
  A quokka (D:2)
  A frilled lizard (D:1)
  A rat (D:1)
12 creatures vanquished.

Notes
Turn   | Place    | Note
-------+----------+-------------------------------------------
     0 | D:1      | dialectric the Octopode Brigand began the quest for the
                  | Orb.
     0 | D:1      | Reached XP level 1. HP: 14/14 MP: 1/1
   331 | D:1      | Reached XP level 2. HP: 8/19 MP: 2/2
   406 | D:1      | Reached skill level 6 in Stealth
   699 | D:2      | Found a snail-covered altar of Cheibriados.
   710 | D:2      | Mangled by a gnoll

Illustrated notes

Levels and vault maps discovered:
D:1:      orjb1_clovarrival, layout_basic, nrook_mini_vaults
D:2:      minmay_angry_zag, layout_rooms, basic_altar, st_stairs_14,
          grunt_ministairs_10, minmay_indecisive_spiral

Skill      XL: |  1  2 |
---------------+-------+-----
Stealth        | 6 |  6.2
Fighting       | |  2.1
Short Blades   | |  2.0
Throwing       | |  2.0
Dodging        | |  1.0

Action                     || total
---------------------------++-------
  Melee: Dagger            ||    20
         Constrict         ||     4
         Tentacles         ||     4
   Stab: Sleeping          ||     4
 Armour: Skin              ||    13
  Dodge: Dodged            ||     6

Table legend: (Time is in decaauts)
 A = Elapsed time spent in this place.
 B = Non-inter-level travel time spent in this place.
 C = Inter-level travel time spent in this place.
 D = Time resting spent in this place.
 E = Time spent auto-exploring this place.
 F = Levels seen in this place.
 G = Mean time per level.
                   A        B        C        D        E       F      G
               +--------+--------+--------+--------+--------+-----+--------+
         Total |    707 |    707 |      0 |      0 |    603 |   2 |  353.5 |
       Dungeon |    707 |    707 |      0 |      0 |    603 |   2 |  353.5 |
               +--------+--------+--------+--------+--------+-----+--------+

Top non-repeatable levels by time:
     D:1: 697 daAuts
     D:2: 10 daAuts
